 Dungeon Crawl Stone Soup version 0.26-a0-613-g4f23886233 (webtiles) character file.

Game seed: 7727080591219056072

29 DogServant the Insei (level 3, 29/29 HPs)
             Began as a Draconian Transmuter on Sept 11, 2020.
             Quit the game on level 1 of the Dungeon.
             The game lasted 00:02:20 (704 turns).

DogServant the Insei (Draconian Transmuter)          Turns: 704, Time: 00:02:21

Health: 29/29      AC:  5    Str: 12    XL:     3   Next: 1%
Magic:  4/6        EV: 12    Int: 13    God:
Gold:   52         SH:  0    Dex: 12    Spells: 3/6 levels left

rFire    . . .     SeeInvis .     - Unarmed
rCold    . . .     Faith    .   (no shield)
rNeg     . . .     Spirit   .   (armour unavailable)
rPois    .         Reflect  .   (helmet currently unavailable)
rElec    .         Harm     .   (no cloak)
rCorr    .                      (no gloves)
MR       .....                  (boots currently unavailable)
Stlth    +.........             (no amulet)
HPRegen  0.09/turn              (no ring)
MPRegen  0.10/turn              (no ring)

@: appendages (expiring)
A: unfitting armour, horns 2, talons 2, cold-blooded, AC +5
a: End Transformation


You were on level 1 of the Dungeon.
You had grown temporary horns.
You had grown temporary talons.
You visited 1 branch of the dungeon, and saw 1 of its levels.

You collected 52 gold pieces.

Inventory:

Jewellery
 e - a +6 ring of dexterity {unknown}
Scrolls
 b - a scroll of teleportation {unknown}
 c - a scroll of enchant armour {unknown}
 d - a scroll of remove curse {unknown}
Potions
 a - 3 potions of curing {unknown}


   Skills:
 + Level 1.9 Fighting
 - Level 1.7 Dodging
 + Level 3.3 Unarmed Combat
 + Level 2.3 Spellcasting
 + Level 2.4 Transmutations


You had 3 spell levels left.
You knew the following spells:

 Your Spells              Type           Power        Failure   Level
a - Beastly Appendage     Tmut           #.....       9%          1
b - Wereblood             Tmut           #.......     14%         2

Your spell library contained the following spells:

 Spells                   Type           Power        Failure   Level
 Spider Form              Tmut/Pois      #.........   41%         3
 Ice Form                 Ice/Tmut       #.......     83%         4
 Blade Hands              Tmut           #.........   94%         5


Dungeon Overview and Level Annotations

Branches:
Dungeon (1/15)

Altars:


Innate Abilities, Weirdness & Mutations

Your plain brown scales are hard. (AC +5)
You cannot fit into any form of body armour.
You are cold-blooded and may be slowed by cold attacks.
You have a pair of horns on your head.
You have razor-sharp toenails.


Message History

There is an open door here.
A kobold comes into view. It is wielding a +0 dagger.
A kobold is nearby!
Casting: Beastly Appendage (safe; 10% risk of failure)
Confirm with . or Enter, or press ? or * to list all spells.
You grow a pair of large bovine horns.
Your feet morph into talons.
You barely miss the kobold. Your kick misses the kobold.
The kobold completely misses you.
You closely miss the kobold. Your kick misses the kobold. You punch the kobold.
The kobold is heavily wounded.
The kobold closely misses you.
You hit the kobold.
You kill the kobold!
You have reached level 3!
Your experience leads to an increase in your attributes!
Increase (S)trength, (I)ntelligence, or (D)exterity?
You feel agile.
Your scales feel tougher.
Welcome back, DogServant the Draconian Transmuter.
Press ? for a list of commands and other information.
Are you sure you want to abandon this character and quit the game? (Confirm with "yes".)

....# #...# ##..... ....# #...#
....... ....# #...# ........
...## #...# ........ ....# #...#
......... .##.####...# .........
.......+...# .........
.......#...############........##
.#.####.........@)...............
........####'#######+####......>.
(...##### ##.........## ##......
#.#..# ##...#####...## ##.##.#
#....# ##.#.#.###.#.#.## #....#
###..# ##.##.##.#.##.##.## #.#..#
##..###.###.###.###.###.###.#...
#...##.####.##.#.##.####.##.#)..
###.'......<..###......(..'.#'#.


There were no monsters in sight!

Vanquished Creatures
  2 leopard geckos (D:1)
  2 giant cockroaches (D:1)
  6 goblins (D:1)
  A hobgoblin (D:1)
  3 bats (D:1)
  A frilled lizard (D:1)
  7 kobolds (D:1)
  5 rats (D:1)
27 creatures vanquished.

Notes
Turn   | Place    | Note
-------+----------+-------------------------------------------
     0 | D:1      | DogServant the Draconian Transmuter began the quest for the
                  | Orb.
     0 | D:1      | Reached XP level 1. HP: 16/16 MP: 3/3
   193 | D:1      | Reached XP level 2. HP: 23/23 MP: 3/5
   459 | D:1      | Learned a level 2 spell: Wereblood
   703 | D:1      | Reached XP level 3. HP: 29/29 MP: 4/6
   704 | D:1      | Quit the game

Illustrated notes

Levels and vault maps discovered:
D:1:      roderic_octagonal_star, layout_basic, chequers_serial_rivers_micro_a,
          minmay_tetromino_o4

Action                   || total
-------------------------++-------
Melee: Unarmed           ||    66
       Headbutt          ||     8
       Kick              ||     7
       Tailslap          ||     3
       Punch             ||     1
 Cast: Beastly Appendage ||    13
Armor: Skin              ||    28
Dodge: Dodged            ||    33

Table legend: (Time is in decaauts)
 A = Elapsed time spent in this place.
 B = Non-inter-level travel time spent in this place.
 C = Inter-level travel time spent in this place.
 D = Time resting spent in this place.
 E = Time spent auto-exploring this place.
 F = Levels seen in this place.
 G = Mean time per level.
                   A        B        C        D        E       F      G
               +--------+--------+--------+--------+--------+-----+--------+
         Total |    700 |    700 |      0 |      0 |    531 |   1 |  700.0 |
       Dungeon |    700 |    700 |      0 |      0 |    531 |   1 |  700.0 |
               +--------+--------+--------+--------+--------+-----+--------+

Top non-repeatable levels by time:
     D:1: 700 daAuts
